 Dungeon Crawl Stone Soup version 0.30.1-4-g462c640d31 (webtiles) character file.

Game seed: 14607781536222398365

352 boopmooplesden the Covered (level 6, -4/54 HPs)
             Began as an Armataur Fighter on Sept 18, 2023.
             Killed from afar by Blork the orc (12 damage)
             ... with a puff of flame
             ... on level 5 of the Dungeon.
             The game lasted 00:03:12 (3077 turns).

boopmooplesden the Covered (Armataur Fighter)       Turns: 3077, Time: 00:03:13

Health: -4/54      AC:  9    Str: 23    XL:     6   Next: 34%
Magic:  6/6        EV:  6    Int:  9    God:
Gold:   262        SH:  4    Dex:  9    Spells: 5/5 levels left

rFire   . . .        a - +1 flail (elec)
rCold   . . .        c - +0 buckler
rNeg    . . .        h - +0 chain mail
rPois   .            (no helmet)
rElec   .            (no cloak)
rCorr   .            (no gloves)
SInv    .            (no barding)
Will    .....        (no amulet) Stlth
                     (no ring)
HPRegen 0.29/turn    (no ring)
MPRegen 0.10/turn

%: roll
@: no status effects
A: large, rugged brown scales 3, deformed body, armoured tail, roll, long
tongue, awkward tongue
a: no special abilities


You were on level 5 of the Dungeon.
You visited 1 branch of the dungeon, and saw 5 of its levels.

You collected 262 gold pieces.

Inventory:

Hand Weapons
 a - a +1 flail of electrocution (weapon)
Missiles
 n - a throwing net (quivered)
Armour
 b - a +0 scale mail
 c - a +0 buckler (worn)
 h - a +0 chain mail (worn)
Jewellery
 j - a +5 ring of evasion
 t - a ring of see invisible
Potions
 d - a potion of might
 f - 2 potions of curing
 g - 4 potions of flight
 k - a potion of haste {unknown}
 l - a potion of mutation {unknown}
 o - a potion of attraction {unknown}
 r - a potion of ambrosia {unknown}


   Skills:
 + Level 3.4 Fighting
 + Level 3.7 Maces & Flails
 + Level 6.0 Armour
 + Level 0.1 Dodging
 + Level 1.0 Stealth
 + Level 4.1 Shields


You had 5 spell levels left.
You didn't know any spells.
Your spell library contained the following spells:

 Spells                   Type           Power      Damage    Failure   Level
 Magic Dart               Conj           0%         1d3       95%         1
 Sandblast                Erth           0%         2d4       95%         1
 Sting                    Tmut/Pois      0%         1d3       95%         1
 Call Imp                 Summ           0%         N/A       99%         2
 Passwall                 Tmut/Erth      0%         N/A       99%         2
 Poisonous Vapours        Pois/Air       0%         N/A       99%         2
 Mephitic Cloud           Conj/Pois/Air  0%         N/A       100%        3
 Portal Projectile        Hex/Tloc       0%         N/A       100%        3
 Stone Arrow              Conj/Erth      0%         3d7       100%        3
 Summon Guardian Golem    Hex/Summ       0%         N/A       100%        3
 Tukima's Dance           Hex            0%         N/A       100%        3
 Olgreb's Toxic Radiance  Pois           0%         N/A       100%        4
 Blade Hands              Tmut           0%         N/A       100%        5
 Orb of Destruction       Conj           0%         9d5       100%        7
 Spellforged Servitor     Conj/Summ      0%         N/A       100%        7


Dungeon Overview and Level Annotations

Branches:
Dungeon (5/15)
 Temple: D:4-7

Altars:
Wu Jian

Annotations:
D:5 Blork the orc


Innate Abilities, Weirdness & Mutations

You are completely covered in rugged brown scales. (AC +3, +7% HP)
Armour fits poorly on your strangely shaped body.
You have a long armoured tail.
You roll when moving toward enemies. (Rampage)
Your long tongue fully drains potion bottles. (2x potion effects)
Your tongue gives you trouble enunciating. (1.5x scroll delay)


Message History

You are poisoned.
The scorpion poisons you!
Blork the orc hits you but does no damage.
The scorpion barely misses you.
Blork the orc hits you from afar with a +0 trident!
You barely miss the scorpion.
The scorpion is heavily wounded.
You feel very sick. The scorpion stings you.
You are more poisoned.
The scorpion poisons you!
Blork the orc casts a cantrip, but nothing happens.
The scorpion stings you but does no damage.
You sock the scorpion!
You kill the scorpion!
You feel very sick.
Blork the orc hits you from afar with a +0 trident.
* * * LOW HITPOINT WARNING * * *
Your Armour skill increases to level 6!
Your Stealth skill increases to level 1!
* * * LOW HITPOINT WARNING * * *
You feel very sick.
You feel better.
You slurp down every last drop of the potion of curing!
Blork the orc hits you from afar with a +0 trident.
You roll towards Blork the orc!
You barely miss Blork the orc.
Blork the orc zaps a wand.
The puff of flame hits you.
You closely miss Blork the orc.
Your tail-slap misses Blork the orc.
You feel your willpower return.
Blork the orc screams, "You are the ugliest creature I've ever seen!"
Blork the orc casts a spell at you. The magic dart hits you.
* * * LOW HITPOINT WARNING * * *
Blork the orc screams, "I'll decorate my home with your organs!"
Blork the orc hits you with a +0 trident!
* * * LOW HITPOINT WARNING * * *
You hit Blork the orc.
Your tail-slap misses Blork the orc.
Blork the orc is lightly wounded.
Blork the orc zaps a wand.
The puff of flame hits you!
You die...

#.#
#.#
#.#
#.#
#<#
#.#
#.#
#.#
#@#
#o#
#..
###.
(# .
#.
.#


You could see Blork the orc.

Vanquished Creatures
  A scorpion (D:5)
  A hound (D:5)
  2 orc priests (D:4)
  An iguana (D:4)
  An orc wizard (D:4)
  3 gnolls (D:4)
  5 adders
  3 worms
  3 dart slugs
  4 orcs (D:4)
  3 bats
  5 endoplasms
  2 giant cockroaches
  9 goblins
  8 hobgoblins
  A kobold (D:2)
  3 quokkas
  3 ball pythons
  2 frilled lizards
  2 rats
62 creatures vanquished.

Notes
Turn   | Place    | Note
-------+----------+-------------------------------------------
     0 | D:1      | boopmooplesden the Armataur Fighter began the quest for the
                  | Orb.
     0 | D:1      | Reached XP level 1. HP: 19/19 MP: 1/1
   239 | D:1      | Reached XP level 2. HP: 26/26 MP: 2/2
   820 | D:2      | Reached skill level 4 in Armour
   837 | D:2      | Reached XP level 3. HP: 23/33 MP: 3/3
  1423 | D:3      | Found a faded altar of an unknown god.
  1778 | D:3      | Reached XP level 4. HP: 37/40 MP: 4/4
  2556 | D:4      | Reached XP level 5. HP: 26/48 MP: 5/5
  2705 | D:4      | Reached skill level 5 in Armour
  2926 | D:4      | Found an ornate altar of the Wu Jian Council.
  3059 | D:5      | Entered Level 5 of the Dungeon
  3061 | D:5      | Noticed Blork the orc
  3068 | D:5      | Reached XP level 6. HP: 40/54 MP: 6/6
  3073 | D:5      | Reached skill level 6 in Armour
  3073 | D:5      | Reached skill level 1 in Stealth
  3077 | D:5      | Killed from afar by Blork the orc

Illustrated notes

Levels and vault maps discovered:
D:1:      minmay_arrival_hallway, layout_loops_ring, chequers_decorated_corner
D:2:      layout_basic
D:3:      layout_loops_ring, portal_sewer_entry_d,
          shapermc_ecumenical_altar_totnotflames
D:4:      layout_rooms, nicolae_wu_jian_immortal_techniques,
          minmay_misc_feat_rugged
D:5:      layout_loops_ring, chequers_temple_overflow_statue_of_worship,
          kennysheep_donut, minmay_fire_ice_demons, uniq_prince_ribbit1,
          uniq_blork_the_orc, uniq_pikel

Skill      XL: |  1  2  3  4  5  6 |
---------------+-------------------+-----
Fighting       | 3 |  3.4
Maces & Flails | 2 3 |  3.7
Armour         | 4 5 6 |  6.0
Shields        | 4 |  4.1
Stealth        | 1 |  1.0
Dodging        | |  0.1

Action                     |  1- 3 |  4- 6 || total
---------------------------+-------+-------++-------
  Melee: Flail             |    79 |   104 ||   183
         Tailslap          |    15 |     9 ||    24
    Use: Scroll            |     4 |     7 ||    11
         Potion            |       |     1 ||     1
 Armour: Scale mail        |    12 |       ||    12
         Chain mail        |    39 |    54 ||    93
  Dodge: Dodged            |    25 |    35 ||    60
  Block: Buckler           |    13 |    27 ||    40
